 Dungeon Crawl Stone Soup version 0.24-a0-417-g1cce26a4d2 (webtiles) character file.

Game seed: 5870676640637337119

11 wazuzu the Ogre Mage (level 2, 0/24 HPs)
             Began as an Ogre Wizard on June 10, 2019.
             Slain by a jackal (1 damage)
             ... on level 1 of the Dungeon.
             The game lasted 00:01:33 (655 turns).

wazuzu the Ogre Mage (Ogre Wizard)                   Turns: 655, Time: 00:01:34

Health: 0/24       AC:  3    Str: 10    XL:     2   Next: 25%
Magic:  0/7        EV: 10    Int: 19    God:
Gold:   11         SH:  0    Dex:  7    Spells: 8/9 levels left

rFire    . . .     SeeInvis .   (no weapon)
rCold    . . .     Gourm    .   (no shield)
rNeg     . . .     Faith    .   a - +0 robe
rPois    .         Spirit   .   b - +0 hat
rElec    .         Reflect  .   (no cloak)
rCorr    .         Harm     .   (gloves unavailable)
MR       .....                  (boots unavailable)
Stlth    +.........             (no amulet)
HPRegen  0.08/turn              (no ring)
MPRegen  0.10/turn              (no ring)

@: no status effects
A: large, unfitting armour, tough skin 1
a: no special abilities


You were on level 1 of the Dungeon.
You were not hungry.

You visited 1 branch of the dungeon, and saw 2 of its levels.

You collected 11 gold pieces.

Inventory:

Missiles
 c - 31 stones (quivered)
Armour
 a - a +0 robe (worn)
 b - a +0 hat (worn)
Comestibles
 d - 3 rations


   Skills:
 - Level 1.7 Dodging
 - Level 1.4 Stealth
 * Level 4.1 Spellcasting
 + Level 1.3 Conjurations
   Level 0.8 Summonings
   Level 0.8 Translocations


You had 8 spell levels left.
You knew the following spells:

 Your Spells              Type           Power        Failure   Level  Hunger
z - Magic Dart            Conj           #...         8%          1    None

Your spell library contained the following spells:

 Spells                   Type           Power        Failure   Level  Hunger
 Blink                    Tloc           N/A          14%         2    ##.....
 Call Imp                 Summ           #.......     14%         2    ##.....
 Slow                     Hex            #.......     21%         2    ##.....
 Conjure Flame            Conj/Fire      #.......     30%         3    ###....
 Mephitic Cloud           Conj/Pois/Air  #.......     34%         3    ###....


Dungeon Overview and Level Annotations

Branches:
Dungeon (2/15)

Altars:


Innate Abilities, Weirdness & Mutations

You are too large for most types of armour.
You have tough skin. (AC +1)


Message History

Press: ? - help, Shift-Dir - straight line, f/p - jackal
Aim: a jackal You throw a stone!
The stone closely misses the jackal!
The stone hits the jackal but does no damage!
The jackal closely misses you!
The jackal bites you but does no damage!
Throwing (i - inventory)
c - 33 stones (quivered)
Press: ? - help, Shift-Dir - straight line, f/p - jackal
Aim: a jackal You throw a stone!
The stone hits the jackal but does no damage!
The jackal bites you! * * * don't die
* * * Throwing (i - inventory)
c - 32 stones (quivered)
Press: ? - help, Shift-Dir - straight line, f/p - jackal
Aim: a jackal You throw a stone!
The stone hits the jackal!
The jackal is moderately wounded!
The jackal completely misses you! The jackal bites you! rip

#.#######
#..(...... #.##.
..# #.##. #.# #.##.
#.# #.##. #.# ###
#.##. #.#...
#.##.###.#.# #
#.#..@hhg..##.#
#.######.#....# #.#
#.#.####. #h#
#g....... #h#
#.#+####.# #.#
#......... #h#
#....#####+# #.#
#...........
#.#######..........


You could see 2 jackals and a goblin.

Vanquished Creatures
  A leopard gecko (D:1)
  A giant cockroach (D:1)
  A goblin (D:1)
  A hobgoblin (D:1)
  2 jackals
  A kobold (D:1)
  A rat (D:1)
8 creatures vanquished.

Notes
Turn   | Place    | Note
-------+----------+-------------------------------------------
     0 | D:1      | wazuzu the Ogre Wizard began the quest for the Orb.
     0 | D:1      | Reached XP level 1. HP: 16/16 MP: 5/5
   201 | D:1      | Reached skill level 1 in Conjurations
   211 | D:1      | You fall into a shaft and drop 1 floor!
   495 | D:1      | Reached skill level 4 in Spellcasting
   495 | D:1      | Reached XP level 2. HP: 24/24 MP: 2/7
   654 | D:1      | HP: 1/24 [jackal (3)]
   655 | D:1      | Slain by a jackal

Levels and vault maps discovered:
D:1:      minmay_arrival_doors, layout_basic
D:2:      layout_basic

Skill      XL: |  1 |
---------------+----+-----
Conjurations   | 1 |  1.3
Spellcasting   | 4 |  4.1
Dodging        | |  1.7
Stealth        | |  1.4
Summonings     | |  0.8
Translocations | |  0.8

Action                   || total
-------------------------++-------
Melee: Unarmed           ||     1
Throw: Stone             ||     8
 Cast: Magic Dart        ||    25
  Use: Scroll            ||     1
Armor: Robe              ||    12
Dodge: Dodged            ||    21

Table legend:
 A = Non-vault XP
 B = Vault XP
 C = Vault XP percentage of total XP
 D = Non-vault monster count
 E = Vault monster count
 F = Vault count percentage of total count
                 A         B        C        D         E       F
            +---------+---------+-------+---------+---------+-------
      Total |      16 |       0 |   0.0 |       8 |       0 |   0.0
            +---------+---------+-------+---------+---------+-------
        D:1 |      14 |       0 |   0.0 |       7 |       0 |   0.0
        D:2 |       2 |       0 |   0.0 |       1 |       0 |   0.0
            +---------+---------+-------+---------+---------+-------
